 Dungeon Crawl Stone Soup version 0.27-a0-475-g4587593e40 (webtiles) character file.

Game seed: 8326658172448946758

495 Nattfarinn the Skirmisher (level 7, 0/46 HPs)
             Began as a Gargoyle Gladiator on Mar 1, 2021.
             Killed by divine providence
             ... invoked by an orc priest
              (10 damage)
             ... on level 4 of the Dungeon.
             The game lasted 00:06:58 (3858 turns).

Nattfarinn the Skirmisher (Gargoyle Gladiator)      Turns: 3858, Time: 00:06:58

Health: 0/46       AC: 14    Str: 17    XL:     7   Next: 15%
Magic:  7/7        EV: 12    Int:  9    God:
Gold:   254        SH:  0    Dex: 13    Spells: 6/6 levels left

rFire    . . .     SeeInvis .   x - +3 short sword
rCold    . . .     Faith    .   (no shield)
rNeg     + . .     Spirit   .   b - +0 leather armour
rPois    ∞         Reflect  .   c - +1 helmet
rElec    +         Harm     .   e - +1 cloak {rCorr}
rCorr    +         Rampage  .   (no gloves)
Will     .....                  h - +1 pair of boots {Fly}
Stlth    +.........             (no amulet)
HPRegen  0.15/turn              n - ring of wizardry
MPRegen  0.10/turn              (no ring)

@: flying
A: negative energy resistance 1, electricity resistance, unbreathing,
petrification resistance, miasma immunity, AC +4
a: Stop Flying


You were on level 4 of the Dungeon.
You visited 1 branch of the dungeon, and saw 4 of its levels.

You collected 254 gold pieces.

Inventory:

Hand Weapons
 a - a +0 flail
 x - a +3 short sword (weapon)
Missiles
 d - 3 throwing nets (quivered)
 l - 8 atropa-tipped darts
Armour
 b - a +0 leather armour (worn)
 c - a +1 helmet (worn)
 e - a +1 cloak of preservation (worn)
 h - a +1 pair of boots of flying (worn)
 i - a +0 kite shield
Jewellery
 n - a ring of wizardry (left hand)
Scrolls
 f - 3 scrolls of fear
 j - 3 scrolls of teleportation
 k - 2 scrolls of amnesia
 p - a scroll of random uselessness
 u - a scroll of blinking {unknown}
 v - a scroll of fog {unknown}
 y - a scroll of immolation {unknown}
Potions
 g - a potion of degeneration {unknown}
 o - 2 potions of flight
 q - a potion of attraction {unknown}
 r - 4 potions of curing
 t - a potion of heal wounds {unknown}
 w - a potion of cancellation {unknown}
 z - a potion of lignification {unknown}
 A - a potion of haste {unknown}
 B - 2 potions of invisibility


   Skills:
 * Level 6.0 Fighting
 + Level 4.6 Maces & Flails
 - Level 1.7 Throwing
 + Level 3.7 Armour
 - Level 2.4 Dodging


You had 6 spell levels left.
You didn't know any spells.
Your spell library contained the following spells:

 Spells                   Type           Power        Failure   Level
 Animate Skeleton         Necr           0%           19%         1
 Pain                     Necr           0%           19%         1
 Vampiric Draining        Necr           0%           47%         3
 Animate Dead             Necr           0%           86%         4
 Agony                    Necr           0%           99%         5


Dungeon Overview and Level Annotations

Branches:
Dungeon (4/15)
 Temple: D:4-7

Altars:
Ashenzari
Gozag
Kikubaaqudgha
Okawaru
Qazlal
Wu Jian


Innate Abilities, Weirdness & Mutations

You are resistant to torment.
Your stone body is resilient. (AC +4)
You are immune to poison.
You resist negative energy. (rN+)
You are resistant to electric shocks. (rElec)
You can survive without breathing.
You are immune to petrification.
You are immune to miasma.


Message History

You struggle to resist.
You puncture the orc priest!
The orc priest is almost dead.
The orc priest misses you.
The orc priest mumbles some strange prayers to Beogh against you.
You struggle to resist.
You hit the orc priest.
You kill the orc priest!
The orc priest hits you but does no damage.
You hit the orc priest but do no damage.
The orc priest completely misses you.
You barely miss the orc priest.
The orc priest casts a cantrip, but nothing happens.
You hit the orc priest.
The orc priest is moderately wounded.
The orc priest hits you with a +0 club.
You hit the orc priest but do no damage.
The orc priest is moderately wounded.
The orc priest completely misses you.
You barely miss the orc priest.
The orc priest is moderately wounded.
The orc priest hits you but does no damage.
You hit the orc priest but do no damage.
The orc priest is moderately wounded.
The orc priest invokes the aid of Beogh against you.
Beogh smites you!
* * * LOW HITPOINT WARNING * * *
You closely miss the orc priest.
The orc priest is moderately wounded.
The orc priest hits you with a +0 club.
* * * LOW HITPOINT WARNING * * *
Okay, then.
You hit the orc priest.
The orc priest is severely wounded.
The orc priest hits you but does no damage.
You hit the orc priest.
The orc priest is severely wounded.
The orc priest invokes the aid of Beogh against you.
Beogh smites you!
You die...

........................
........................
........................
################........
...)...#......##
#.#.#.#.#)#........
......†...)......##
###########†.....#
.......@.....#
?.....)o.....#
.............#
.........<...#
......?......#
.............#
.............#
.............#


You could see an orc priest.

Vanquished Creatures
  A centaur (D:2)
  A scorpion (D:4)
  A howler monkey (D:4)
  An orc priest (D:4)
  2 orc wizards (D:4)
  3 worker ants (D:4)
  A hound skeleton (D:4)
  4 adders
  4 gnolls
  A worm (D:2)
  3 dart slugs (D:1)
  5 leopard geckos
  10 orcs
  2 giant cockroaches
  5 goblins
  5 hobgoblins
  2 jackals (D:2)
  6 kobolds
  A quokka (D:4)
  3 ball pythons
  9 bats
  5 frilled lizards
  5 rats
80 creatures vanquished.

Notes
Turn   | Place    | Note
-------+----------+-------------------------------------------
     0 | D:1      | Nattfarinn the Gargoyle Gladiator began the quest for the
                  | Orb.
     0 | D:1      | Reached XP level 1. HP: 12/12 MP: 1/1
   180 | D:1      | Reached XP level 2. HP: 8/18 MP: 2/2
   581 | D:1      | Reached skill level 1 in Armour
   665 | D:1      | Reached skill level 3 in Fighting
   683 | D:1      | Reached XP level 3. HP: 15/23 MP: 3/3
  1183 | D:2      | Noticed a centaur
  1196 | D:2      | Killed a centaur
  1197 | D:2      | Reached skill level 4 in Fighting
  1197 | D:2      | Reached XP level 4. HP: 19/29 MP: 4/4
  1338 | D:2      | Reached XP level 5. HP: 33/33 MP: 5/5
  1624 | D:2      | Found a broken altar of Ashenzari.
  1962 | D:2      | Found an ancient bone altar of Kikubaaqudgha.
  2000 | D:2      | Found an iron altar of Okawaru.
  2102 | D:2      | Found an ornate altar of the Wu Jian Council.
  2617 | D:3      | Found an opulent altar of Gozag.
  2985 | D:3      | Reached XP level 6. HP: 32/40 MP: 6/6
  2990 | D:3      | Reached skill level 5 in Fighting
  3631 | D:4      | Found a stormy altar of Qazlal.
  3781 | D:4      | Reached XP level 7. HP: 30/45 MP: 7/7
  3784 | D:4      | Reached skill level 6 in Fighting
  3858 | D:4      | Killed from afar by an orc priest

Illustrated notes

Levels and vault maps discovered:
D:1:      lightli_arrival_statue_moat, layout_basic
D:2:      layout_basic, okawaru_metal_pillars_1_2,
          ashenzari_conservatory_becter, nicolae_overflow_crystal_walls,
          nzn_wu_jian_council_hall, cheibrodos_gnoll_hut
D:3:      layout_loops_ring, nicolae_gozag_cash_rules_everything_around_me,
          grunt_ministairs_12, chequers_serial_rivers_large_b,
          serial_park_tiny_pond
D:4:      layout_basic, grunt_qazlal_sundering, hangedman_minor_gate_pass

Skill      XL: |  1  2  3  4  5  6  7 |
---------------+----------------------+-----
Armour         | 1 2 3 |  3.7
Fighting       | 3 4 5 6 |  6.0
Maces & Flails | 4 |  4.6
Throwing       | |  1.7
Dodging        | |  2.4

Action                   |  1- 3 |  4- 6 |  7- 9 || total
-------------------------+-------+-------+-------++-------
Melee: Flail             |    89 |    84 |       ||   173
       Short sword       |       |   144 |    24 ||   168
  Use: Scroll            |       |     8 |       ||     8
Armor: Leather armour    |    50 |   101 |     8 ||   159
Dodge: Dodged            |    76 |   151 |     7 ||   234

Table legend: (Time is in decaauts)
 A = Elapsed time spent in this place.
 B = Non-inter-level travel time spent in this place.
 C = Inter-level travel time spent in this place.
 D = Time resting spent in this place.
 E = Time spent auto-exploring this place.
 F = Levels seen in this place.
 G = Mean time per level.
                   A        B        C        D        E       F      G
               +--------+--------+--------+--------+--------+-----+--------+
         Total |   3912 |   3780 |    132 |    614 |   2468 |   4 |  978.0 |
       Dungeon |   3912 |   3780 |    132 |    614 |   2468 |   4 |  978.0 |
               +--------+--------+--------+--------+--------+-----+--------+

Top non-repeatable levels by time:
     D:1: 1201 daAuts
     D:2: 1186 daAuts
     D:3: 955 daAuts
     D:4: 569 daAuts
